Map: Ulrena

Players

segaro - Winner!

  • Race: Terran Terran
  • League: Gold
  • Spawn Location: 7:00

zidar

  • Race: Zerg Zerg
  • League: Gold
  • Spawn Location: 11:00

VOD

Have the link to the VOD?

Description

Time

  • Played on: June 18, 2016, 10:41 a.m.
  • Length: 24:34
Show
View Real Time Build Order
Export as new Build Order

segaro Terran - Winner!

Build Orders:  

Get SALT Encoding   

  12  0:02  SCV  
  13  0:14  SCV  
  14  0:20  Supply Depot  
  14  0:26  SCV  
  15  0:29  Refinery  
  15  0:43  Barracks  
  15  0:45  SCV  
  16  0:53  Refinery  
  16  1:02  SCV  
  17  1:14  SCV  
  17  1:17  Supply Depot  
  18  1:26  SCV  
  18  1:30  Marine  
  20  1:38  SCV  
  21  1:48  Factory  
  21  1:57  Reaper  
  22  2:15  Orbital Command  
  22  2:37  Factory Tech Lab, Barracks Reactor, Starport  
  22  2:41  SCV  
  23  2:47  Supply Depot  
  22  3:13  SCV  
  22  3:17  Medivac  
  25  3:23  Command Center  
  25  3:29  SCV  
  30  3:41  Widow Mine x2, Supply Depot  
  30  3:42  SCV  
  30  3:46  Marauder  
  33  3:49  Starport Reactor  
  37  4:09  Marauder, Widow Mine x2  
  39  4:12  Liberator x2  
  39  4:15  Supply Depot  
  39  4:21  Combat Shield  
  39  4:29  Engineering Bay  
  45  5:11  Liberator x2  
  38  5:30  Widow Mine  
  44  5:39  Marauder  
  40  6:00  Marauder  
  32  6:22  Marauder  
  27  7:05  Marauder  
  29  7:17  SCV  
  29  7:18  Barracks  
  30  7:26  Marauder  
  30  7:29  SCV  
  33  7:30  Planetary Fortress  
  33  7:41  SCV  
  30  7:48  Marauder  
  29  7:53  SCV  
  29  8:05  SCV  
  28  8:17  SCV x2  
  30  8:29  SCV  
  30  8:30  SCV  
  32  8:41  SCV  
  32  8:42  SCV  
  32  8:47  Barracks Reactor  
  34  8:54  SCV  
  35  9:01  Factory  
  35  9:02  SCV  
  35  9:06  SCV  
  36  9:14  SCV  
  35  9:26  Marine, SCV  
  37  9:31  Barracks Tech Lab  
  37  9:38  SCV  
  38  9:49  Marine  
  38  9:51  SCV  
  38  9:58  Marine  
  32  10:07  Marine  
  30  10:16  Marine  
  27  10:25  Marine  
  27  10:26  SCV  
  27  10:33  Refinery  
  27  10:34  Marine  
  27  10:35  Refinery  
  28  10:39  SCV  
  29  10:43  Marine  
  28  10:51  SCV  
  28  10:52  Marine  
  28  10:56  SCV  
  31  11:03  SCV  
  33  11:06  Barracks Reactor  
  33  11:08  SCV  
  33  11:10  Marine  
  34  11:15  SCV  
  35  11:20  SCV  
  36  11:27  SCV  
  38  11:42  SCV  
  38  11:43  Barracks Tech Lab  
  38  11:53  Marine, SCV  
  38  12:03  Marine, SCV, Terran Infantry Weapons Level 1  
  38  12:05  Concussive Shells  
  38  12:16  Missile Turret  
  38  12:22  Factory  
  38  12:27  Refinery  
  38  12:30  Supply Depot  
  38  12:46  Sensor Tower  
  38  12:48  Stimpack  
  38  12:52  Marine x2, SCV  
  38  12:55  Supply Depot  
  41  12:59  Marauder  
  41  13:04  SCV  
  44  13:09  Marine x2  
  44  13:11  Factory Tech Lab  
  46  13:13  Starport  
  46  13:18  Supply Depot  
  46  13:20  Marauder  
  46  13:26  Missile Turret  
  48  13:27  Marine x2  
  48  13:30  Missile Turret  
  50  13:39  Command Center  
  50  13:42  Marauder  
  50  13:45  Armory, Marine x2  
  54  13:51  Starport Reactor  
  54  13:53  Siege Tank  
  57  13:57  Terran Infantry Armor Level 1  
  57  13:58  Supply Depot, Engineering Bay  
  57  14:03  Marine x2, Marauder  
  61  14:21  Marine x2  
  63  14:24  Marauder  
  63  14:25  Siege Tank  
  68  14:32  Terran Infantry Weapons Level 2  
  68  14:39  Marine x2  
  68  14:40  Barracks, Refinery, Command Center  
  68  14:41  Refinery  
  70  14:46  Terran Vehicle Weapons Level 1  
  70  14:47  Starport  
  70  14:51  Marauder  
  72  14:57  Missile Turret  
  72  15:05  Planetary Fortress  
  72  15:13  Marauder  
  74  15:23  Medivac x2  
  74  15:28  Starport Reactor  
  78  15:32  Barracks Reactor  
  78  15:42  SCV  
  79  15:45  SCV  
  80  15:51  Hi-Sec Auto Tracking  
  80  15:54  SCV  
  81  15:57  SCV  
  81  16:03  Missile Turret  
  82  16:06  SCV  
  82  16:07  Orbital Command  
  82  16:09  SCV  
  84  16:13  Marine x2  
  86  16:18  SCV  
  86  16:22  Viking  
  89  16:28  Viking  
  89  16:30  SCV  
  92  16:40  Terran Ship Weapons Level 1  
  92  16:43  Viking  
  94  16:48  Viking  
  96  16:56  Neosteel Armor  
  96  16:58  SCV  
  97  17:08  Marine x2  
  98  17:10  SCV  
  98  17:12  Marine x2  
  103  17:22  SCV  
  103  17:34  SCV  
  104  17:47  SCV  
  105  17:58  Siege Tank  
  108  17:59  SCV  
  108  18:00  Marauder  
  111  18:21  Marauder  
  111  18:24  Barracks, SCV  
  114  18:31  Terran Infantry Weapons Level 3, Siege Tank  
  117  18:35  Terran Infantry Armor Level 2  
  117  18:37  SCV  
  117  18:38  Marine x3  
  117  18:39  Marine  
  122  18:43  Marauder  
  124  18:49  SCV  
  124  18:53  Viking  
  124  18:54  Viking, Orbital Command  
  124  18:55  Viking  
  131  18:56  Marine  
  131  18:58  Terran Vehicle And Ship Armor Level 1  
  132  19:06  Barracks  
  132  20:39  Viking  
  132  20:41  Marauder  
  132  20:43  SCV  
  131  20:56  SCV, Barracks Reactor  
  132  20:59  Supply Depot  
  132  21:00  Liberator  
  132  21:04  Liberator x3  
  131  21:15  Marauder, Barracks Tech Lab  
  132  21:37  Marauder  
  134  21:43  Liberator  
  134  21:47  Liberator  
  134  21:50  Liberator x2  
  138  22:17  Missile Turret  
  138  22:21  Missile Turret  
  138  22:33  SCV  
  139  22:45  SCV  
  139  22:51  Liberator  
  140  22:58  Liberator  
  140  22:59  Liberator  
  140  23:09  Marine  
  140  23:10  Marine x3  
  140  23:11  Marine, SCV  
  140  23:12  Marine, Marauder  
  139  23:23  SCV  
  140  23:39  Refinery  
  140  24:01  Refinery  
  140  24:18  SCV  
Show
View Real Time Build Order
Export as new Build Order

zidar Zerg 

Build Orders: Pool First 

Get SALT Encoding   

  12  0:01  Drone  
  13  0:12  Overlord  
  13  0:17  Drone  
  14  0:30  Drone x2  
  16  0:43  Spawning Pool  
  16  0:45  Drone  
  16  1:10  Hatchery  
  15  1:12  Drone  
  15  1:16  Extractor  
  15  1:18  Drone  
  16  1:30  Queen  
  18  1:38  Overlord  
  18  1:42  Drone  
  19  1:53  Drone x2  
  21  2:06  Roach Warren  
  20  2:14  Queen  
  21  2:23  Drone x2  
  21  2:26  Drone  
  24  2:36  Drone x2  
  26  2:37  Drone  
  26  2:41  Drone  
  28  2:56  Extractor, Drone x4  
  30  3:15  Drone  
  31  3:28  Overlord x2  
  31  3:41  Roach x2  
  35  3:49  Roach x6  
  47  4:02  Evolution Chamber  
  46  4:12  Drone x6  
  46  4:15  Overlord  
  52  4:19  Lair  
  52  4:34  Ravager x4  
  52  4:36  Roach  
  52  4:37  Roach  
  38  5:36  Roach x6  
  43  6:51  Roach x3  
  43  7:24  Overlord x2  
  43  7:30  Zergling x4  
  39  8:14  Zergling x2  
  39  8:15  Zergling x8  
  34  8:56  Zergling x8  
  25  10:06  Drone x6  
  21  10:41  Hatchery  
  20  10:57  Drone x6  
  20  10:58  Hatchery  
  20  11:01  Drone x3  
  28  11:15  Extractor  
  24  11:31  Overseer  
  24  11:37  Drone x10  
  30  12:04  Drone x8  
  38  12:24  Drone x2  
  38  12:27  Roach x9  
  58  12:43  Drone x2  
  58  12:44  Drone  
  61  12:45  Extractor  
  61  12:47  Queen  
  64  12:51  Roach x4  
  64  12:52  Roach x3  
  76  13:03  Drone x3  
  79  13:07  Drone  
  79  13:09  Overlord  
  79  13:10  Overlord x5  
  80  13:32  Ravager  
  80  13:33  Ravager x4  
  85  13:36  Drone x8  
  85  13:37  Drone x5  
  98  13:45  Zerg Ground Armor Level 1  
  98  13:52  Metabolic Boost  
  98  13:54  Evolution Chamber  
  97  14:03  Drone x2  
  97  14:04  Drone x2  
  97  14:05  Drone x2  
  97  14:06  Drone x2  
  105  14:13  Extractor  
  105  14:14  Extractor  
  105  14:16  Drone x2  
  105  14:18  Drone  
  105  14:21  Zerg Melee Weapons Level 1  
  106  14:25  Roach x8  
  106  14:26  Roach x2  
  106  14:27  Zergling x2  
  106  14:28  Zergling x2  
  128  14:43  Overlord  
  128  14:44  Overlord x3  
  128  14:58  Spire  
  127  15:04  Zergling x8  
  131  15:10  Drone x2  
  131  15:14  Roach x12  
  157  15:41  Ravager x3  
  160  15:44  Overlord x6  
  160  15:59  Zerg Ground Armor Level 2  
  160  16:07  Pneumatized Carapace  
  161  16:25  Ravager x2  
  161  16:26  Ravager x7  
  161  16:29  Zergling x24  
  161  16:30  Zergling x2  
  161  16:31  Zergling x18  
  191  16:33  Roach x3  
  191  16:37  Zerg Melee Weapons Level 2  
  191  16:39  Zerg Flyer Weapons Level 1, Hatchery  
  196  16:50  Infestation Pit  
  195  17:11  Corruptor x2  
  199  17:27  Hive  
  199  18:34  Overlord x2  
  199  18:45  Zerg Ground Armor Level 3  
  199  18:50  Adrenal Glands  
  199  18:52  Ultralisk Cavern  
  199  18:54  Drone  
  199  19:06  Zerg Flyer Weapons Level 2  
  199  19:51  Zerg Melee Weapons Level 3  
  199  19:53  Chitinous Plating  
  188  20:40  Spore Crawler  
  96  21:33  Mutalisk x7  
  96  21:34  Mutalisk x22  
  96  21:39  Zergling x32  
  173  21:40  Zergling x12  
  171  22:15  Drone  
  171  22:16  Drone x2  
  174  22:29  Overlord  
  174  22:30  Overlord x2  
  174  22:31  Overlord x2  
  174  23:01  Hatchery  
  174  23:02  Ultralisk x3  
  180  23:07  Extractor  
  180  23:11  Extractor  
  80  23:25  Zergling x30  
  86  23:36  Zergling x14  
  90  23:50  Mutalisk x3  
  90  23:51  Mutalisk  
  90  23:54  Hatchery  
Tags
 
League
GoldGold
Matchup
TvZ
Opening
Pool First
Spawn Locations
Close Positions
Add a new tag
Caveats
  • Supply blocks, unpowered buildings, or Contaminate may cause inaccurate times.
  • Supply counts are checked every 10 seconds.